Map: Frozen Temple

Players

Erik

  • Race: Terran Terran
  • League: Master

Miszu - Winner!

  • Race: Zerg Zerg
  • League: Master

VOD

Have the link to the VOD?

Description

Time

  • Played on: June 27, 2016, 5:27 p.m.
  • Length: 5:05
Show
View Real Time Build Order
Export as new Build Order

Erik Terran 

Build Orders:  

Get SALT Encoding   

  12  0:01  SCV  
  13  0:13  SCV  
  14  0:25  SCV  
  15  0:29  Supply Depot  
  15  0:50  SCV  
  16  0:58  Barracks  
  16  1:03  SCV  
  16  1:04  Refinery  
  17  1:15  SCV  
  18  1:23  Supply Depot  
  18  1:27  SCV  
  19  1:39  SCV  
  20  1:40  Refinery  
  20  1:45  Marine  
  21  1:47  Bunker  
  21  1:51  Orbital Command  
  21  2:03  Marine  
  22  2:14  Factory  
  22  2:16  Barracks  
  22  2:21  Marine  
  23  2:23  SCV  
  24  2:35  SCV  
  25  2:39  Marine  
  26  2:49  SCV  
  27  2:57  Marine  
  27  2:58  Hellion  
  30  3:01  SCV  
  31  3:06  Bunker  
  31  3:09  Supply Depot  
  31  3:30  Marine, Hellion  
  33  3:48  Marine, SCV  
  35  3:52  Hellion  
  36  4:22  Supply Depot  
  36  4:26  Supply Depot, Bunker  
  34  4:44  Marine  
Show
View Real Time Build Order
Export as new Build Order

Miszu Zerg - Winner!

Build Orders: Hatch First, Zergling Baneling 

Get SALT Encoding   

  12  0:00  Drone  
  13  0:12  Overlord  
  13  0:17  Drone  
  14  0:31  Drone x2  
  16  0:39  Drone  
  17  0:51  Hatchery  
  17  0:55  Drone  
  17  0:59  Extractor  
  17  1:02  Drone  
  17  1:14  Spawning Pool  
  17  1:17  Drone  
  17  1:21  Drone  
  18  1:28  Drone  
  19  1:39  Overlord  
  19  2:01  Queen  
  19  2:02  Zergling x4  
  19  2:04  Zergling x2  
  19  2:06  Metabolic Boost  
  24  2:09  Spine Crawler  
  23  2:28  Baneling Nest, Zergling x8  
  26  2:36  Zergling x2  
  27  2:42  Overlord  
  27  2:59  Zergling x8  
  31  3:11  Overlord  
  31  3:14  Zergling x6  
  31  3:17  Zergling x2  
  35  3:20  Baneling  
  35  3:21  Baneling x3  
  35  3:23  Baneling  
  34  3:35  Zergling x4  
  34  3:37  Baneling  
  34  3:38  Baneling x2  
  36  3:43  Zergling x4  
  38  3:49  Zergling x2  
  38  3:50  Zergling x2  
  35  4:09  Zergling x6  
  36  4:12  Baneling  
  36  4:13  Baneling x3  
  36  4:15  Zergling x2  
  36  4:17  Zergling x2  
  36  4:18  Baneling  
  36  4:23  Zergling x2  
  38  4:31  Baneling  
  34  4:43  Zergling x4  
  34  4:47  Zergling x2  
Tags
 
Add a new tag
Caveats
  • Supply blocks, unpowered buildings, or Contaminate may cause inaccurate times.
  • Supply counts are checked every 10 seconds.